 Dungeon Crawl Stone Soup version 0.30-a0-760-g5a9884bb7c (webtiles) character file.

Game seed: 15247865408629986874

445 bande the Covered (level 7, 0/43 HPs)
             Began as a Gargoyle Fighter on Feb 11, 2023.
             Slain by a boulder beetle (4 damage)
             ... on level 7 of the Dungeon.
             The game lasted 00:06:01 (2397 turns).

bande the Covered (Gargoyle Fighter)                Turns: 2397, Time: 00:06:02

Health: 0/43       AC: 15    Str: 20    XL:     7   Next: 3%
Magic:  7/7        EV:  9    Int:  8    God:
Gold:   95         SH:  4    Dex: 11    Spells: 6/6 levels left

rFire   . . .      SeeInvis .    i - +0 war axe (venom)
rCold   . . .      Faith    .    c - +0 buckler
rNeg    + . .      Spirit   .    b - +0 scale mail
rPois   ∞          Reflect  .    f - +0 helmet
rElec   +          Harm     .    (no cloak)
rCorr   .          Rampage  .    (no gloves)
Will    .....                    j - +1 pair of boots Stlth
                                 g - amulet of regeneration
HPRegen 1.07/turn                (no ring)
MPRegen 0.10/turn                (no ring)

@: mighty
A: sickness immunity, AC +4, negative energy resistance 1, electricity
resistance, torment resistance 1, petrification resistance
a: no special abilities


You were on level 7 of the Dungeon.
You visited 1 branch of the dungeon, and saw 5 of its levels.

You collected 95 gold pieces.

Inventory:

Hand Weapons
 a - a +0 war axe
 i - a +0 war axe of venom (weapon)
Armour
 b - a +0 scale mail (worn)
 c - a +0 buckler (worn)
 f - a +0 helmet (worn)
 j - a +1 pair of boots (worn)
Jewellery
 g - an amulet of regeneration (around neck)
 l - a +6 ring of dexterity
 n - an amulet of faith
Wands
 h - a wand of acid (8)
Scrolls
 e - a scroll of identify
 k - a scroll of enchant armour {unknown}
Potions
 d - a potion of might
 o - a potion of mutation


   Skills:
 + Level 4.2 Fighting
 + Level 4.5 Axes
 + Level 4.6 Armour
 - Level 0.1 Dodging
 + Level 3.9 Shields
 * Level 2.2 Evocations


You had 6 spell levels left.
You didn't know any spells.
Your spell library contained the following spells:

 Spells                   Type           Power      Damage    Failure   Level
 Ozocubu's Armour         Ice            0%         N/A       99%         3
 Petrify                  Tmut/Erth      0%         N/A       100%        4
 Irradiate                Conj/Tmut      0%         3d11      100%        5
 Metabolic Englaciation   Hex/Ice        0%         N/A       100%        5
 Simulacrum               Ice/Necr       0%         N/A       100%        6
 Ozocubu's Refrigeration  Ice            0%         4d7       100%        7
 Sublimation of Blood     Necr           Unusable   N/A       N/A         2

Dungeon Overview and Level Annotations

Branches:
Dungeon (4/15)
 Temple: D:4-7

Altars:
Wu Jian

Shops:
D:1 ![=(


Innate Abilities, Weirdness & Mutations

You are immune to sickness and miasma.
Your stone body is resilient. (AC +4)
You are immune to poison.
You resist negative energy. (rN+)
You are resistant to electric shocks. (rElec)
You are resistant to unholy torment.
You are immune to petrification.


Message History

The boulder beetle looks as sick as possible!
The black bear bites you but does no damage.
The black bear claws you but does no damage.
You block the black bear's attack.
The boulder beetle bites you but does no damage.
You completely miss the black bear.
The black bear is moderately wounded.
You hit the boulder beetle.
The boulder beetle looks as sick as possible!
The black bear bites you but does no damage.
The black bear claws you but does no damage.
The black bear closely misses you.
The boulder beetle bites you but does no damage.
You hit the black bear.
The black bear looks as sick as possible!
The black bear is heavily wounded.
You barely miss the boulder beetle.
The black bear goes berserk!
The boulder beetle bites you but does no damage.
The black bear bites you.
The black bear claws you but does no damage.
The black bear closely misses you. The boulder beetle bites you.
You barely miss the black bear.
The black bear is severely wounded.
You hit the boulder beetle but do no damage.
The boulder beetle looks as sick as possible!
The black bear bites you but does no damage.
The black bear closely misses you. The black bear barely misses you.
The boulder beetle bites you!
* * * LOW HITPOINT WARNING * * *
The black bear bites you.
* * * LOW HITPOINT WARNING * * *
The black bear claws you but does no damage.
You block the black bear's attack.
Unknown command.
You slash the black bear!
You kill the black bear!
You hit the boulder beetle.
The boulder beetle looks as sick as possible!
The boulder beetle bites you.
You die...

## .. .## ... #.# #.#
#.#######.# ############
#.B@.T...:.
#..........###†#######.#
#..........[...#
#..........###.#
######.##### #...
#..#########.#
##........ .# #########
#


You could see a boulder beetle (extremely poisoned) and a troll.

Vanquished Creatures
  Sigmund (D:2)
  A black bear (D:7)
  A phantom (D:7)
  A scorpion (D:7)
  A jelly (D:2)
  3 gnolls (D:3)
  3 adders
  3 dart slugs
  3 orcs (D:3)
  4 endoplasms
  4 hobgoblins
  12 jackals
  A quokka (D:3)
  6 ball pythons
  7 bats
  3 frilled lizards
  3 goblins (D:2)
  6 rats
63 creatures vanquished.

Vanquished Creatures (others)
  3 plants (D:3)
3 creatures vanquished.

Grand Total: 66 creatures vanquished

Notes
Turn   | Place    | Note
-------+----------+-------------------------------------------
     0 | D:1      | bande the Gargoyle Fighter began the quest for the Orb.
     0 | D:1      | Reached XP level 1. HP: 14/14 MP: 1/1
    44 | D:1      | Found Wilodal's Jewellery Boutique.
   130 | D:1      | Found Qeefad's Antique Armour Emporium.
   159 | D:1      | Reached XP level 2. HP: 19/19 MP: 2/2
   178 | D:1      | Found Faoshegu's Antique Weapon Boutique.
   279 | D:1      | Found Ifig's Distillery.
   800 | D:2      | Reached XP level 3. HP: 17/23 MP: 3/3
   844 | D:2      | Found a faded altar of an unknown god.
  1010 | D:2      | Reached XP level 4. HP: 26/29 MP: 4/4
  1057 | D:2      | Noticed Sigmund
  1068 | D:2      | Killed Sigmund
  1069 | D:2      | Reached skill level 1 in Evocations
  1069 | D:2      | Reached XP level 5. HP: 33/33 MP: 5/5
  1069 | D:2      | Reached XP level 6. HP: 38/38 MP: 6/6
  2146 | D:3      | Found an ornate altar of the Wu Jian Council.
  2359 | D:4      | You fall into a shaft and drop 3 floors!
  2380 | D:7      | Noticed a boulder beetle
  2381 | D:7      | Noticed a black bear
  2382 | D:7      | Noticed a troll
  2393 | D:7      | Reached XP level 7. HP: 23/43 MP: 7/7
  2396 | D:7      | HP: 2/43 [black bear (6)]
  2397 | D:7      | Slain by a boulder beetle

Illustrated notes

Levels and vault maps discovered:
D:1:      roderic_crossed_star, layout_basic, serial_shops, shop, shop,
          nicolae_shop_stone, shop
D:2:      layout_rooms, chequers_ecumenical_altar_island,
          small_statue_intersection, kennysheep_path_1, uniq_sigmund
D:3:      layout_basic, nzn_wu_jian_contemplation,
          chequers_serial_rivers_large_a, serial_bayou_ford_a
D:4:      layout_basic, lightli_temple_of_fire, serial_shops,
          nicolae_shop_waterfront
D:7:      layout_rooms, grunt_gozag_statues, serial_shops,
          nicolae_shop_waterfront, minmay_manual_monstrance

Skill      XL: |  1  2  3  4  5  6 |
---------------+-------------------+-----
Axes           | 2 3 4 |  4.5
Fighting       | 4 |  4.2
Armour         | 4 |  4.6
Evocations     | 1 2 |  2.2
Dodging        | |  0.1
Shields        | |  3.9

Action                     |  1- 3 |  4- 6 |  7- 9 || total
---------------------------+-------+-------+-------++-------
  Melee: War axe           |    91 |    82 |     5 ||   178
    Use: Scroll            |       |     5 |       ||     5
         Potion            |       |     2 |       ||     2
 Armour: Scale mail        |    54 |    56 |    10 ||   120
  Dodge: Dodged            |    50 |    52 |     4 ||   106
  Block: Buckler           |    15 |    21 |     2 ||    38

Table legend: (Time is in decaauts)
 A = Elapsed time spent in this place.
 B = Non-inter-level travel time spent in this place.
 C = Inter-level travel time spent in this place.
 D = Time resting spent in this place.
 E = Time spent auto-exploring this place.
 F = Levels seen in this place.
 G = Mean time per level.
                   A        B        C        D        E       F      G
               +--------+--------+--------+--------+--------+-----+--------+
         Total |   2490 |   2359 |    131 |     40 |   1743 |   5 |  498.0 |
       Dungeon |   2490 |   2359 |    131 |     40 |   1743 |   5 |  498.0 |
               +--------+--------+--------+--------+--------+-----+--------+

Top non-repeatable levels by time:
     D:2: 823 daAuts
     D:1: 794 daAuts
     D:3: 780 daAuts
     D:4: 48 daAuts
     D:7: 42 daAuts
